 Dungeon Crawl Stone Soup version 0.22-a0-247-gbddf880 (webtiles) character file.

33 matakusis the Magician (level 3, 0/19 HPs)
             Began as a Deep Elf Wizard on Feb 26, 2018.
             Slain by an orc wizard
             ... wielding a +0 dagger
              (4 damage)
             ... on level 3 of the Dungeon.
             The game lasted 00:10:17 (1910 turns).

matakusis the Magician (Deep Elf Wizard)            Turns: 1910, Time: 00:10:20

Health: 0/19       AC:  3    Str:  4    XL:     3   Next: 12%
Magic:  1/12       EV: 13    Int: 27    God:
Gold:   105        SH:  0    Dex: 13    Spells: 8/13 levels left

rFire    . . .     SeeInvis +   (no weapon)
rCold    . . .     Gourm    .   (no shield)
rNeg     . . .     Faith    .   h - +0 robe (curse)
rPois    .         Spirit   .   b - +0 hat
rElec    .         Reflect  .   (no cloak)
rCorr    .         Harm     .   i - +0 pair of gloves
MR       .....                  (no boots)
Stlth    ++........             (no amulet)
HPRegen  0.06/turn              g - +4 ring of intelligence
MPRegen  0.13/turn              m - ring of see invisible

@: no status effects
A: no striking features
a: no special abilities


You were on level 3 of the Dungeon.
You were hungry.

You visited 1 branch of the dungeon, and saw 3 of its levels.

You collected 105 gold pieces.

Inventory:

Armour
 a - a +0 robe
 b - a +0 hat (worn)
 h - a cursed +0 robe (worn)
 i - a +0 pair of gloves (worn)
Jewellery
 g - a +4 ring of intelligence (left hand)
 m - a ring of see invisible (right hand)
Scrolls
 j - a scroll of teleportation
 k - a scroll of enchant weapon
 l - 3 scrolls of identify
Potions
 e - a potion of cancellation
 f - a potion of mutation {unknown}
Comestibles
 c - 4 rations


   Skills:
 - Level 2.4 Dodging
 - Level 2.4 Stealth
 + Level 5.7 Spellcasting
 - Level 1.1 Conjurations
 * Level 1.7 Summonings
 - Level 1.1 Translocations


You had 8 spell levels left.
You knew the following spells:

 Your Spells              Type           Power        Failure   Level  Hunger
a - Magic Dart            Conj           ##..         4%          1    None
b - Blink                 Tloc           N/A          6%          2    None
c - Call Imp              Summ           ###.....     4%          2    None


Dungeon Overview and Level Annotations

Branches:
Dungeon (3/15)

Altars:
Dithmenos
Elyvilon
Fedhas
Qazlal


Message History

Your crimson imp hits the orc wizard but does no damage.
The orc wizard begins to cast a cantrip, but forgets the words!
The dart slug bites you but does no damage.
The orc priest mumbles some strange prayers to Beogh against you.
Beogh smites you!
Ouch! That really hurt!
* * * LOW HITPOINT WARNING * * *
Your shadow imp hits the dart slug.
Sorry, you're not good enough to have a special ability.
Okay, then.
Casting: Call Imp (safe; 4% risk of failure)
Confirm with . or Enter, or press ? or * to list all spells.
Okay, then.
An orc wizard comes into view. It is wielding a dagger.
The orc wizard looks braver for a moment.
Your crimson imp completely misses the orc wizard.
The dart slug launches a dart at your shadow imp.
The slug dart hits your shadow imp.
The orc wizard moves out of view.
The orc wizard hits you with a dagger.
You die...

.. # #..#
#.#..# .#..#
... #.. #o##
# #.....
#5@#.##......
#.w...#o.....
#5#.#........
#o#5# .....%.
#.#.##.......
#)#.<#r......
#.##...g.#
#)##..##.#
#...o.5..#


You could see an orc priest, an orc wizard, a dart slug, 2 friendly crimson imps
and a friendly shadow imp.

Vanquished Creatures
  A leopard gecko (D:2)
  3 hobgoblins (D:1)
  2 ball pythons (D:1)
  A bat (D:1)
  A frilled lizard (D:1)
  3 kobolds
11 creatures vanquished.

Vanquished Creatures (collateral kills)
  An ooze (D:2)
  A worm (D:2)
  4 orcs (D:3)
  A bat (D:1)
  2 giant cockroaches (D:2)
  A goblin (D:3)
  4 hobgoblins
  A quokka (D:2)
  A ball python (D:2)
  A kobold (D:2)
  3 rats
20 creatures vanquished.

Vanquished Creatures (others)
  Jessica (D:2)
  A bat (D:2)
2 creatures vanquished.

Grand Total: 33 creatures vanquished

Notes
Turn   | Place    | Note
-------+----------+-------------------------------------------
     0 | D:1      | matakusis the Deep Elf Wizard began the quest for the Orb.
     0 | D:1      | Reached XP level 1. HP: 10/10 MP: 7/7
   454 | D:1      | Reached skill level 5 in Spellcasting
   698 | D:1      | Reached XP level 2. HP: 15/15 MP: 7/10
   707 | D:1      | Learned a level 2 spell: Blink
   710 | D:1      | Learned a level 2 spell: Call Imp
   916 | D:2      | Killed Jessica
  1215 | D:2      | Found a white marble altar of Elyvilon.
  1293 | D:2      | Found a shadowy altar of Dithmenos.
  1577 | D:2      | Found a blossoming altar of Fedhas.
  1773 | D:2      | Found a stormy altar of Qazlal.
  1882 | D:3      | Reached XP level 3. HP: 19/19 MP: 1/12
  1910 | D:3      | Slain by an orc wizard

Vault maps used:
D:1:      nzn_arrival_water_spiral
D:2:      elyvilon_altar_4, nicolae_overflow_hidden_temple,
          grunt_dithmenos_smoke, fedhas_altar_2, uniq_jessica

Skill      XL: |  1 |
---------------+----+-----
Spellcasting   | 5 |  5.7
Dodging        | |  2.4
Stealth        | |  2.4
Conjurations   | |  1.1
Summonings     | |  1.7
Translocations | |  1.1

Action                   || total
-------------------------++-------
Melee: Unarmed           ||     2
 Cast: Magic Dart        ||    27
       Call Imp          ||    29
  Use: Scroll            ||     3
  Eat: Chunk             ||     2
Armor: Robe              ||     4
Dodge: Dodged            ||    18

Table legend:
 A = Spawn XP
 B = Non-spawn XP
 C = Spawn XP percentage of total XP
 D = Spawn monster count
 E = Non-spawn monster count
 F = Spawn count percentage of total count
 G = Total turns spent on level
                    A         B        C        D         E        F      G
               +---------+---------+-------+---------+---------+-------+---------
         Total |       0 |      48 |   0.0 |       0 |      31 |   0.0 |  1910
               +---------+---------+-------+---------+---------+-------+---------
           D:1 |       0 |      13 |   0.0 |       0 |       9 |   0.0 |   893
           D:2 |       0 |      24 |   0.0 |       0 |      15 |   0.0 |   973
           D:3 |       0 |      11 |   0.0 |       0 |       7 |   0.0 |    44
               +---------+---------+-------+---------+---------+-------+---------
